 Dungeon Crawl Stone Soup version 0.31-a0-1237-gabc64e778c (webtiles) character file.

Game seed: 11362245415932831482

23624 night the Skirmisher (level 12, -13/105 HPs)
             Began as a Demigod Hunter on Dec 15, 2023.
             Succumbed to Nessos's poison
             ... on level 2 of the Lair of Beasts.
             The game lasted 00:39:13 (15925 turns).

night the Skirmisher (Demigod Hunter)              Turns: 15925, Time: 00:39:13

Health: -13/105    AC:  5    Str: 14    XL:     12   Next: 40%
Magic:  15/15      EV: 23    Int: 11    God:
Gold:   759        SH:  0    Dex: 33    Spells: 5/11 levels left

rFire   . . .        a - +0 orcbow (freeze)
rCold   + . .        (shield currently unavailable)
rNeg    . . .        c - +1 leather armour
rPois   .            (no helmet)
rElec   .            (no cloak)
rCorr   +            Z - +0 pair of gloves
SInv    +            (no boots)
Will    +....        y - amulet of the acrobat
Stlth   +++          f - ring of protection from cold
HPRegen 0.37/turn    C - ring of Ginolaj {rCorr Str+2 SInv}
MPRegen 0.14/turn

%: acrobat
@: lethally poisoned (-13 -> -66)
A: high MP 1, forlorn, divine attributes
a: no special abilities


You were on level 2 of the Lair of Beasts.
You visited 2 branches of the dungeon, and saw 13 of its levels.
You also visited: Ossuary and Bailey.

You collected 845 gold pieces.
You spent 86 gold pieces at shops.

Inventory:

Hand Weapons
 a - a +0 orcbow of freezing (weapon)
 q - a +0 dagger of venom
Missiles
 g - 37 poisoned darts
 t - 2 darts of dispersal
Armour
 b - a +0 troll leather armour
 c - a +1 leather armour (worn)
 T - the +0 hat of Bursted Fun {Fly rElec Int+6 Dex-5}
   (You found it on level 8 of the Dungeon)

   Int+6:     It affects your intelligence (+6).
   Dex-5:     It affects your dexterity (-5).
   rElec:     It insulates you from electricity.
   Fly:       It grants you flight.
 Z - a +0 pair of gloves (worn)
Magical Staves
 J - a staff of fire
Jewellery
 f - a ring of protection from cold (left hand)
 n - a ring of positive energy
 r - a ring of positive energy
 s - a ring of protection from cold
 y - an amulet of the acrobat (around neck)
 C - the ring of Ginolaj (right hand) {rCorr Str+2 SInv}
   (You found it on level 5 of the Dungeon)

   [ring of resist corrosion]

   Str+2:     It affects your strength (+2).
   SInv:      It lets you see invisible.
   rCorr:     It protects you from acid and corrosion.
 E - a ring of protection from cold
 Q - an amulet of guardian spirit
 R - a ring of see invisible
 S - a ring of poison resistance
 W - a ring of resist corrosion
Wands
 d - a wand of light (3)
 m - a wand of mindburst (3)
 D - a wand of roots (14)
 G - a wand of digging (3)
 I - a wand of flame (47)
 O - a wand of charming (14)
Scrolls
 e - 3 scrolls of poison
 j - 3 scrolls of enchant armour
 l - 9 scrolls of teleportation
 u - 2 scrolls of vulnerability
 v - 2 scrolls of noise
 w - 2 scrolls of fog
 x - a scroll of enchant weapon
 z - 3 scrolls of fear
 A - 3 scrolls of blinking
 L - a scroll of silence
 N - a scroll of amnesia
 U - a scroll of brand weapon
 Y - a scroll of immolation
Potions
 h - 2 potions of might
 i - 3 potions of lignification
 k - 3 potions of attraction
 o - a potion of berserk rage
 p - 2 potions of magic
 B - 2 potions of brilliance
 F - 2 potions of curing
 H - 3 potions of enlightenment
 K - 2 potions of degeneration {unknown}
 M - 3 potions of invisibility
 P - 5 potions of mutation {unknown}
 V - a potion of ambrosia {unknown}
 X - a potion of haste {unknown}


   Skills:
 + Level 9.5 Fighting
 * Level 13.6 Ranged Weapons
 + Level 9.6 Dodging
 - Level 0.8 Stealth
 - Level 7.2 Translocations


You had 5 spell levels left.
You knew the following spells:

 Your Spells              Type           Power      Damage    Failure   Level
a - Gell's Gravitas       Tloc           16%        N/A       7%          3
b - Teleport Other        Tloc           16%        N/A       7%          3

Your spell library contained the following spells:

 Spells                   Type           Power      Damage    Failure   Level
 Lesser Beckoning         Tloc           32%        N/A       3%          2
 Static Discharge         Conj/Air       0%         3-3/arc   56%         2
 Ignite Poison            Fire/Tmut/Pois 0%         N/A       80%         3
 Airstrike                Air            0%         2d(0-16)  99%         4
 Sticky Flame             Conj/Fire      0%         2d3       99%         4
 Summon Lightning Spire   Summ/Air       0%         N/A       99%         4
 Malign Gateway           Summ/Tloc      3%         N/A       100%        7
 Ignition                 Fire           0%         3d3       100%        8
 Summon Horrible Things   Summ           0%         N/A       100%        8


Dungeon Overview and Level Annotations

Branches:
Dungeon (10/15)            Temple (0/1) D:7            Lair (3/5) D:8
  Swamp (0/4) Lair:2       Spider (0/4) Lair:2          Orc (0/2) D:10
Ossuary (visited)          Bailey (visited)

Shops:
D:1 *   D:7 *   D:8 *

Annotations:
D:7 exclusion: manticore
Lair:3 Nessos


Innate Abilities, Weirdness & Mutations

You have an increased reservoir of magic. (+10% MP)
You shall have no god before yourself.
Your divine heritage dramatically boosts your attributes as you level up.


Message History

You kill the electric eel!
You hear a splash.
No target in view!
Found a staircase to the Swamp.
No target in view!
Done exploring.
Done exploring.
What level of the Lair of Beasts? (default 2, ? - help)
You see here a bog body skeleton.
There is a stone staircase leading down here.
You climb downwards.
Found 5 stones and 11 gold pieces.
Found a stone staircase leading up.
There is a stone staircase leading up here.
Nessos is nearby!
You shoot an arrow. The arrow hits Nessos.
The arrow freezes Nessos.
Nessos is lightly wounded.
Nessos wields a +2 longbow of flaming.
It bursts into flame!
Nessos shoots an arrow.
The arrow closely misses you.
You shoot an arrow. The arrow barely misses Nessos.
You shoot an arrow. The arrow barely misses Nessos.
Nessos shoots an arrow.
The arrow hits you! The arrow burns you.
You shoot an arrow. The arrow closely misses Nessos.
Nessos shoots an arrow.
The arrow hits you! The arrow burns you.
You are poisoned.
You shoot an arrow. The arrow hits Nessos!
The arrow freezes Nessos.
Nessos is moderately wounded.
You feel very sick.
Nessos shoots an arrow.
The arrow hits you!! The arrow burns you!
You are more poisoned.
Nessos shoots an arrow.
The arrow hits you!!
* * * LOW HITPOINT WARNING * * *
The arrow burns you.
You are more poisoned.
* * * LOW HITPOINT WARNING * * *
* * * LOW HITPOINT WARNING * * *
You feel extremely sick.
Nessos casts a spell.
Nessos seems to speed up.
You climb upwards.
You die...

# ###...###....#... #
#.#..#.#......... # ######
##.[###.#..#..... ##
#.#P.####...# ##........⌠ .##
##.....~#...## ##..#....♣. ..##
#.~.~≈~~...## #..#.....♣.
#..######.~≈≈≈~~≈..# ##..#....♣♣.
.#..#.##..≈≈≈≈≈~...###........♣~♣
#.#....#..~≈≈≈~.@..##...#.....♣..
###...P...~≈≈≈≈~...###..##....♣~♣
##....P..~≈≈≈~~..P#...###...♣~.
####.....~~≈≈≈≈≈~.....## #..♣♣~.
#.#.......~~≈~≈~......## #..♣♣~.
##..........≈~.~.......#####♣♣≈.
#........###............## ♣~.
##........# ##.........#..# ♣~.
#.........# #......(.###..##♣♣♣≈.


There were no monsters in sight!

Vanquished Creatures
  A hydra (Lair:2)
  A catoblepas (Lair:1)
  A boulder beetle (Lair:2)
  2 two-headed ogres (D:10)
  Urug (Lair:1)
  2 bog bodies (Lair:2)
  An orc knight (Bailey)
  A deep elf pyromancer (Bailey)
  8 elephants (Lair:2)
  A gargoyle (D:10)
  Joseph (D:7)
  4 cane toads
  A torpor snail (Lair:2)
  Jeremiah (D:7)
  Maggie (D:7)
  A rime drake (Lair:2)
  3 komodo dragons (Lair:1)
  3 unseen horror zombies (D:9)
  A troll (D:9)
  Prince Ribbit (D:5)
  2 dream sheep (Lair:2)
  2 slime creatures (D:7)
  A wyvern (D:8)
  Sigmund (D:4)
  14 yaks
  2 wraiths
  3 basilisks
  Edmund (D:6)
  Duvessa (D:7)
  7 orc warriors
  7 water moccasins
  3 black bears
  An ice beast (D:8)
  An ogre (D:5)
  12 wolves
  2 phantoms (D:4)
  2 centaurs
  2 kobold brigands
  11 bullfrogs
  A wyvern zombie (D:9)
  A gnoll sergeant (D:6)
  17 scorpions
  6 wights (D:9)
  Dowan (D:7)
  A howler monkey (D:7)
  3 electric eels
  A centaur zombie (Ossuary)
  7 hounds
  2 human zombies (Ossuary)
  2 jellies (D:6)
  3 orc priests
  4 iguanas
  9 scorpion zombies (Ossuary)
  2 sleepcaps
  3 orc wizards
  Terence (D:3)
  3 mummies (Ossuary)
  8 gnolls
  8 adders
  A river rat (D:4)
  5 ufetubi
  5 worms
  25 orcs
  9 ball pythons
  7 endoplasms
  6 giant cockroaches
  11 goblins
  4 hobgoblins
  2 jackals (D:1)
  4 quokkas
  7 bats
  2 frilled lizards
  A gnoll zombie (Ossuary)
  2 goblin zombies (Ossuary)
  2 hobgoblin zombies (Ossuary)
  10 kobolds
  3 kobold zombies (Ossuary)
  An orc zombie (Ossuary)
  9 rats
310 creatures vanquished.

Vanquished Creatures (others)
  A yak (Lair:1)
1 creature vanquished.

Grand Total: 311 creatures vanquished

Notes
Turn   | Place    | Note
-------+----------+-------------------------------------------
     0 | D:1      | night the Demigod Hunter began the quest for the Orb.
     0 | D:1      | Reached XP level 1. HP: 17/17 MP: 3/3
    80 | D:1      | Reached skill level 2 in Fighting
    80 | D:1      | Reached skill level 2 in Dodging
    89 | D:1      | Reached XP level 2. HP: 24/24 MP: 4/4
   223 | D:1      | Reached skill level 4 in Ranged Weapons
   270 | D:1      | Found Onimeh Ucw's General Store.
   592 | D:2      | Reached XP level 3. HP: 29/29 MP: 5/5
  1441 | D:3      | Noticed Terence
  1477 | D:3      | Killed Terence
  1478 | D:3      | Reached XP level 4. HP: 12/37 MP: 6/6
  2143 | D:4      | Reached XP level 5. HP: 44/44 MP: 7/7
  2153 | D:4      | Reached skill level 5 in Ranged Weapons
  2162 | D:3      | HP: 5/44 [something (2)]
  2494 | D:4      | Noticed Sigmund
  2512 | D:4      | Killed Sigmund
  2513 | D:4      | Reached XP level 6. HP: 44/51 MP: 8/8
  2630 | D:4      | Reached skill level 6 in Ranged Weapons
  3390 | D:5      | Entered Level 5 of the Dungeon
  3413 | D:5      | Reached XP level 7. HP: 58/58 MP: 9/9
  3604 | D:5      | Identified the ring of Ginolaj {rCorr Str+2 SInv}
  3683 | D:5      | Noticed a wraith
  3698 | D:5      | Killed a wraith
  3842 | D:5      | Noticed Prince Ribbit
  3920 | D:5      | HP: 1/60 [Prince Ribbit (11)]
  4123 | D:5      | Killed Prince Ribbit
  4124 | D:5      | Reached skill level 7 in Ranged Weapons
  4287 | D:5      | Reached XP level 8. HP: 41/67 MP: 10/10
  4594 | D:5      | Learned a level 3 spell: Gell's Gravitas
  4598 | D:5      | Learned a level 3 spell: Teleport Other
  4704 | D:5      | Reached skill level 5 in Dodging
  4735 | D:6      | Reached skill level 5 in Fighting
  4806 | D:6      | Reached skill level 1 in Translocations
  5434 | D:6      | Reached skill level 8 in Ranged Weapons
  5772 | D:6      | Reached skill level 2 in Translocations
  6061 | D:6      | Noticed Edmund
  6068 | D:6      | Killed Edmund
  6257 | D:7      | Found a sand-covered staircase.
  6281 | Ossuary  | Entered an ossuary
  6549 | Ossuary  | Reached XP level 9. HP: 75/75 MP: 11/11
  6779 | Ossuary  | Reached skill level 9 in Ranged Weapons
  7288 | D:7      | Noticed Joseph
  7301 | D:7      | HP: 7/75 [Joseph/sling bullet (18)]
  7303 | D:7      | HP: 3/75 [Joseph/sling bullet (10)]
  7307 | D:7      | Killed Joseph
  7653 | D:7      | Noticed Jeremiah
  7675 | D:7      | Killed Jeremiah
  7720 | D:7      | Found Mymaacw's General Store.
  7725 | D:7      | Bought a potion of heal wounds for 60 gold pieces
  7746 | D:7      | Found a staircase to the Ecumenical Temple.
  7856 | D:7      | Noticed Duvessa
  7857 | D:7      | Noticed Maggie
  7857 | D:7      | Noticed Dowan
  7875 | D:7      | Killed Duvessa
  7877 | D:7      | Killed Dowan
  7904 | D:7      | Killed Maggie
  7996 | D:7      | Reached skill level 10 in Ranged Weapons
  7996 | D:7      | Reached XP level 10. HP: 68/84 MP: 13/13
  8051 | D:7      | Noticed a manticore
  8595 | D:8      | Found a transporter.
  8678 | D:8      | Found a transporter.
  8748 | D:8      | Identified the +0 hat of Bursted Fun {Fly rElec Int+6
                  | Dex-5}
  8788 | D:8      | Found Gubrumm's General Store.
  8983 | D:8      | Bought a scroll of identify for 26 gold pieces
  9060 | D:8      | Found a staircase to the Lair.
  9266 | D:8      | Reached skill level 5 in Translocations
  9782 | D:9      | Found a flagged portal.
  9800 | Bailey   | Entered a bailey
  9867 | Bailey   | Noticed an orc knight
  9897 | Bailey   | HP: 3/86 [orc knight/+0 halberd (27)]
  9909 | Bailey   | HP: 5/86 [orc knight/+0 halberd (14)]
  9914 | Bailey   | HP: 9/86 [orc knight/+0 halberd (4)]
  9916 | Bailey   | HP: 4/86 [orc knight/+0 halberd (5)]
  9917 | Bailey   | Killed an orc knight
  9918 | Bailey   | Reached skill level 11 in Ranged Weapons
 10200 | Bailey   | Found a large runed translucent door.
 10200 | Bailey   | Found a large runed translucent door.
 10201 | Bailey   | Noticed a deep elf pyromancer
 10227 | Bailey   | HP: 12/86 [deep elf pyromancer/+0 long sword (7)]
 10227 | Bailey   | HP: 1/86 [fire elemental[a deep elf pyromancer] (10)]
 10269 | Bailey   | Killed a deep elf pyromancer
 10587 | D:9      | HP: 10/86 [wraith (10)]
 11073 | D:9      | Reached XP level 11. HP: 91/93 MP: 14/14
 11605 | D:10     | Entered Level 10 of the Dungeon
 11687 | D:10     | Noticed a two-headed ogre
 11694 | D:10     | Killed a two-headed ogre
 11732 | D:10     | Noticed a two-headed ogre
 11737 | D:10     | Killed a two-headed ogre
 11747 | D:10     | Found a staircase to the Orcish Mines.
 12335 | Lair:1   | Entered Level 1 of the Lair of Beasts
 12442 | Lair:1   | Noticed a catoblepas
 12449 | Lair:1   | Killed a catoblepas
 12450 | Lair:1   | Reached skill level 12 in Ranged Weapons
 12662 | Lair:1   | Noticed Urug
 12667 | Lair:1   | Killed Urug
 13641 | Lair:1   | HP: 14/95 [poisoned by a cane toad]
 13645 | Lair:1   | HP: 6/95 [cane toad (5)]
 14334 | Lair:2   | Noticed a four-headed hydra
 14341 | Lair:2   | Killed a four-headed hydra
 14342 | Lair:2   | Reached XP level 12. HP: 103/103 MP: 15/15
 14454 | Lair:2   | Noticed a boulder beetle
 14495 | Lair:2   | HP: 13/104 [elephant (17)]
 14500 | Lair:2   | HP: 13/104 [elephant (2)]
 14501 | Lair:2   | HP: 3/104 [elephant (10)]
 14687 | Lair:2   | Reached skill level 13 in Ranged Weapons
 14888 | Lair:2   | Killed a boulder beetle
 15110 | Lair:2   | Found a hole to the Spider Nest.
 15888 | Lair:2   | Found a staircase to the Swamp.
 15918 | Lair:3   | Noticed Nessos
 15924 | Lair:3   | HP: 4/105 [poisoned by Nessos]
 15925 | Lair:2   | Succumbed to Nessos's poison

Illustrated notes

Levels and vault maps discovered:
D:1:      scummos_arrival_simple_fountains, layout_rooms, serial_shops,
          nicolae_lakefront_shop, minivault_23, hex_medium, minmay_pentomino_u2
D:2:      layout_loops_ring, minmay_misc_feat_roman
D:3:      layout_loops_ring, minmay_hedge_maze, uniq_terence
D:4:      layout_cave_pools, mainiacjoe_overflow_tiny_flanked,
          gup_sewer_entry_spiral, chequers_decorated_corner, uniq_sigmund
D:5:      layout_rooms, lemuel_doored_altar, zin_treasury, uniq_prince_ribbit1
D:6:      layout_loops_ring, lemuel_coloured_pillars_altar,
          nicolae_kikubaaqudgha_miasma_corner, lemuel_tele_altar,
          minmay_misc_feat_more_columns, uniq_edmund
D:7:      minmay_chambers_of_sixes, layout_basic, minmay_temple_entry_statues,
          nicolae_ossuary_entry_false_entrances, serial_shops, shop,
          uniq_duvessa, uniq_maggie, uniq_joseph, uniq_jeremiah
D:8:      gammafunk_steamed_eel, layout_rooms, david_lair_generic,
          nicolae_inconvenience_store
D:9:      layout_small_grid, fedhas_altar_2, nicolae_tso_swordbearing_angel,
          serial_undead, serial_undead_b, serial_undead_e, serial_undead_f,
          serial_undead_e, serial_undead_e, enter_bailey_5
D:10:     layout_rooms, kennysheep_ying_yang, orc_0_dummy
Lair:1:   layout_layer_cave, uniq_urug
Lair:2:   layout_cave_pods, nicolae_swamp_entry_splash_gauntlet,
          nicolae_spider_entry_non_spiders, grunt_megastairs_3,
          infiniplex_staircase_pool
Lair:3:   layout_cave_pods, infiniplex_staircase_pool_2, uniq_nessos

Skill      XL: |  1  2  3  4  5  6  7  8  9 10 11 12 |
---------------+-------------------------------------+-----
Fighting       | 2 3 4 5 6 7 8 9 |  9.5
Dodging        | 2 3 4 5 6 7 8 9 |  9.6
Ranged Weapons | 4 5 6 7 8 10 11 12 13 | 13.6
Translocations | 2 4 5 7 |  7.2
Stealth        | |  0.8

Action                     |  1- 3 |  4- 6 |  7- 9 | 10-12 || total
---------------------------+-------+-------+-------+-------++-------
  Melee: Orcbow            |       |       |     3 |       ||     3
   Fire: Shortbow          |   136 |   138 |       |       ||   274
         Orcbow            |       |    41 |   448 |   626 ||  1115
   Cast: Teleport Other    |       |       |       |     5 ||     5
         Gell's Gravitas   |       |       |       |     2 ||     2
  Evoke: Wand              |       |       |     8 |    21 ||    29
    Use: Scroll            |     4 |       |     9 |     6 ||    19
         Potion            |     4 |     1 |     3 |     3 ||    11
 Armour: Leather armour    |    40 |    85 |   152 |   209 ||   486
         Skin              |       |     2 |       |       ||     2
  Dodge: Dodged            |    39 |    91 |   198 |   370 ||   698

Table legend: (Time is in decaauts)
 A = Elapsed time spent in this place.
 B = Non-inter-level travel time spent in this place.
 C = Inter-level travel time spent in this place.
 D = Time resting spent in this place.
 E = Time spent auto-exploring this place.
 F = Levels seen in this place.
 G = Mean time per level.
                   A        B        C        D        E       F      G
               +--------+--------+--------+--------+--------+-----+--------+
         Total |  16098 |  15573 |    525 |   4378 |   8294 |  15 | 1073.2 |
       Dungeon |  10858 |  10485 |    373 |   2542 |   6201 |  10 | 1085.8 |
          Lair |   3567 |   3415 |    152 |   1002 |   1962 |   3 | 1189.0 |
       Ossuary |    947 |    947 |      0 |    396 |     95 |   1 |  947.0 |
        Bailey |    724 |    724 |      0 |    436 |     36 |   1 |  724.0 |
               +--------+--------+--------+--------+--------+-----+--------+

Top non-repeatable levels by time:
  Lair:2: 1878 daAuts
  Lair:1: 1683 daAuts
     D:5: 1495 daAuts
     D:4: 1419 daAuts
     D:7: 1342 daAuts
     D:9: 1290 daAuts
     D:3: 1176 daAuts
     D:6: 1159 daAuts
     D:8: 1148 daAuts
 Ossuary: 947 daAuts
  Bailey: 724 daAuts
    D:10: 681 daAuts
     D:2: 671 daAuts
     D:1: 474 daAuts
  Lair:3: 6 daAuts
